Map: Abyssal Reef LE

Players

ShoWTimE

  • Race: Protoss Protoss
  • League: Grandmaster
  • Spawn Location: 5:00

Nerchio - Winner!

  • Race: Zerg Zerg
  • League: Grandmaster
  • Spawn Location: 11:00

Event: WESG Barcelona European Finals 2017

VOD

Have the link to the VOD?

Description

Time

  • Played on: Nov. 26, 2017, 10:23 a.m.
  • Length: 13:49

All games in this series

Show
View Real Time Build Order
Export as new Build Order

ShoWTimE Protoss 

Build Orders: 1 Gate Expand, Oracle Opening, Phoenix Opening, Archon Immortal, Zealot Archon 

Get SALT Encoding   

  12  0:00  Probe  
  13  0:13  Probe  
  14  0:19  Pylon  
  14  0:25  Probe  
  15  0:37  Probe (Chrono Boost)  
  15  0:38  Assimilator  
  16  0:47  Probe (Chrono Boost)  
  16  0:49  Gateway  
  17  0:52  Probe  
  19  1:04  Probe (Chrono Boost)  
  20  1:15  Probe (Chrono Boost)  
  20  1:27  Nexus  
  20  1:37  Cybernetics Core  
  20  1:39  Probe  
  21  1:44  Assimilator  
  21  1:51  Probe  
  22  1:55  Pylon  
  22  2:03  Probe  
  23  2:14  Adept (Chrono Boost)  
  23  2:15  Probe  
  26  2:17  Stargate  
  26  2:27  Probe, Warp Gate  
  27  2:33  Adept  
  29  2:39  Probe  
  29  2:40  Probe  
  31  2:51  Probe  
  31  2:52  Probe  
  33  3:00  Oracle (Chrono Boost)  
  33  3:03  Probe  
  33  3:04  Probe  
  38  3:06  Pylon  
  38  3:14  Assimilator  
  38  3:15  Probe  
  38  3:16  Assimilator, Probe  
  40  3:26  Phoenix (Chrono Boost)  
  42  3:27  Probe  
  42  3:28  Probe  
  42  3:33  Adept  
  46  3:40  Probe x2 (Chrono Boost)  
  48  3:45  Robotics Facility  
  48  3:53  Probe (Chrono Boost)  
  50  4:01  Probe x2 (Chrono Boost), Twilight Council  
  51  4:04  Probe  
  51  4:05  Pylon  
  51  4:08  Probe  
  53  4:14  Pylon  
  53  4:16  Probe  
  54  4:23  Probe  
  55  4:25  Gateway  
  55  4:28  Probe  
  55  4:29  Gateway  
  56  4:34  Gateway  
  56  4:43  Templar Archives  
  56  4:44  Probe  
  57  4:48  Warp Prism (Chrono Boost)  
  59  4:55  Psionic Storm  
  59  5:09  Nexus  
  59  5:12  Pylon  
  59  5:17  Observer  
  60  5:25  Charge (Chrono Boost)  
  60  5:31  High Templar x2  
  60  5:33  Probe x2  
  60  5:34  Pylon  
  60  5:35  High Templar  
  68  5:37  High Templar  
  68  5:39  Shield Battery  
  70  5:48  Immortal  
  74  5:50  Gateway x2  
  74  5:56  Gateway  
  74  5:58  Probe x2  
  74  5:59  Forge  
  76  6:15  Shield Battery  
  76  6:16  Probe, Pylon  
  76  6:17  Probe  
  78  6:19  High Templar  
  78  6:21  Shield Battery  
  78  6:23  Probe  
  81  6:27  Immortal  
  81  6:28  Probe, High Templar  
  81  6:29  Probe  
  89  6:35  Probe  
  89  6:37  Protoss Ground Weapons Level 1 (Chrono Boost)  
  90  6:41  Probe x2  
  92  6:47  Probe  
  92  6:53  Probe x2  
  92  6:54  Assimilator  
  95  6:57  Assimilator  
  95  6:58  Gateway  
  95  6:59  Probe  
  96  7:05  Probe x2  
  96  7:07  Immortal  
  100  7:11  Probe  
  100  7:12  Robotics Facility, Pylon  
  101  7:17  Probe x2  
  101  7:20  High Templar x2  
  101  7:21  Zealot  
  109  7:24  Pylon  
  109  7:26  Archon  
  109  7:30  Probe x3  
  109  7:32  Pylon  
  109  7:33  Photon Cannon  
  109  7:34  Photon Cannon, Shield Battery  
  112  7:40  Shield Battery  
  112  7:43  Probe  
  113  7:45  Nexus  
  113  7:51  Pylon  
  113  7:54  Pylon  
  117  8:05  Immortal x2 (Chrono Boost)  
  120  8:06  Sentry x2  
  120  8:09  Photon Cannon  
  124  8:16  Photon Cannon  
  124  8:18  Shield Battery  
  124  8:20  High Templar, Photon Cannon, Shield Battery  
  124  8:22  Shield Battery  
  124  8:23  Pylon  
  126  8:27  Photon Cannon  
  126  8:28  Photon Cannon  
  126  8:31  Shield Battery  
  131  8:34  Observer (Chrono Boost), Immortal (Chrono Boost)  
  129  8:46  Zealot x5  
  139  8:55  Immortal  
  143  8:56  Protoss Ground Weapons Level 2 (Chrono Boost)  
  143  9:03  Zealot x2  
  143  9:06  Probe x2  
  149  9:12  Immortal  
  149  9:14  Zealot x2  
  157  9:20  Photon Cannon  
  156  9:28  Probe, Cybernetics Core  
  156  9:29  Probe x2  
  158  9:31  Zealot  
  160  9:40  Gateway, High Templar x3  
  160  9:41  Gateway  
  160  9:44  Gateway  
  164  9:46  Gateway x2  
  164  9:50  Archon  
  142  10:03  High Templar  
  144  10:09  Pylon  
  144  10:13  Immortal (Chrono Boost)  
  140  10:15  Immortal (Chrono Boost)  
  140  10:19  Archon  
  141  10:22  High Templar x3  
  141  10:26  Archon  
  135  10:44  Observer (Chrono Boost)  
  135  10:46  Pylon  
  135  10:47  Pylon  
  135  10:49  Pylon  
  135  10:51  Pylon  
  135  10:53  Zealot x3  
  141  11:02  Nexus  
  135  11:04  High Templar x4  
  135  11:05  High Templar  
  144  11:12  Archon  
  144  11:16  Zealot x3  
  146  11:27  Immortal x2 (Chrono Boost)  
  146  11:29  Pylon  
  146  11:32  Archon  
  138  11:33  Pylon  
  138  11:34  Pylon x2  
  138  11:36  Zealot x4  
  138  11:37  Zealot x2  
  150  11:54  Nexus  
  150  11:55  Pylon  
  150  11:57  Zealot  
  150  11:58  Zealot x3  
  150  12:00  Probe  
  150  12:01  Probe  
  154  12:04  Probe  
  153  12:12  Probe, Archon  
  153  12:15  Zealot x3  
  148  12:21  High Templar x3  
  148  12:22  High Templar  
  143  12:26  Archon x3  
  143  12:29  Observer  
  126  12:35  Zealot, Pylon  
  126  12:36  Zealot  
  125  12:42  Probe x3  
  126  12:50  High Templar  
  128  12:54  Probe x2  
  128  12:55  High Templar  
  128  13:10  Zealot x4  
  113  13:14  Observer (Chrono Boost)  
  113  13:19  Probe x3  
  113  13:20  Probe  
  113  13:23  Observer (Chrono Boost)  
  112  13:31  Probe, Archon  
  112  13:33  Zealot x4  
  116  13:39  Zealot  
  116  13:40  Zealot  
Show
View Real Time Build Order
Export as new Build Order

Nerchio Zerg - Winner!

Build Orders: Hatch First, Lurkers 

Get SALT Encoding   

  12  0:00  Drone  
  13  0:12  Overlord  
  13  0:17  Drone  
  14  0:31  Drone x2  
  14  0:34  Drone  
  17  0:52  Drone  
  17  0:56  Hatchery  
  17  0:58  Extractor  
  17  1:01  Drone  
  17  1:16  Spawning Pool  
  16  1:20  Drone  
  16  1:23  Drone  
  18  1:28  Drone  
  19  1:38  Overlord  
  19  1:49  Drone  
  20  2:03  Metabolic Boost, Queen  
  22  2:08  Queen  
  22  2:11  Zergling x2  
  22  2:14  Zergling x2  
  26  2:17  Drone  
  26  2:20  Drone  
  28  2:23  Drone  
  29  2:30  Drone  
  29  2:32  Drone  
  31  2:47  Hatchery  
  31  2:48  Drone  
  31  2:50  Drone  
  32  2:56  Overlord  
  33  2:58  Zergling x2  
  33  3:02  Zergling x2  
  34  3:05  Overlord  
  34  3:12  Queen  
  36  3:15  Drone  
  36  3:17  Drone  
  36  3:19  Drone  
  39  3:22  Drone  
  39  3:23  Drone  
  39  3:25  Drone  
  39  3:26  Drone  
  43  3:29  Drone  
  43  3:31  Drone  
  43  3:33  Drone  
  46  3:37  Spore Crawler  
  46  3:39  Spore Crawler  
  44  3:41  Drone  
  44  3:44  Drone  
  46  3:52  Overlord  
  46  3:53  Lair  
  46  3:55  Drone  
  47  3:56  Drone  
  47  3:58  Drone  
  47  4:00  Drone  
  47  4:02  Drone  
  51  4:04  Drone  
  51  4:06  Extractor  
  51  4:07  Extractor  
  50  4:11  Queen  
  50  4:13  Drone  
  50  4:14  Drone  
  54  4:18  Spore Crawler, Drone  
  54  4:21  Drone x2  
  54  4:23  Drone  
  57  4:31  Overlord  
  57  4:38  Overlord x2  
  57  4:42  Overlord  
  57  4:51  Drone  
  58  4:54  Overlord  
  58  4:55  Hydralisk Den  
  58  4:59  Drone x7  
  64  5:03  Overlord  
  63  5:08  Zergling x8  
  63  5:09  Zergling x2  
  63  5:12  Zergling x2  
  63  5:13  Zergling x2  
  70  5:17  Overlord  
  70  5:26  Hydralisk x2  
  70  5:27  Hydralisk  
  76  5:29  Evolution Chamber  
  76  5:30  Hydralisk  
  76  5:32  Evolution Chamber  
  76  5:33  Hydralisk  
  78  5:36  Hydralisk  
  78  5:41  Muscular Augments  
  80  5:43  Hydralisk  
  80  5:44  Hydralisk  
  80  5:46  Hydralisk  
  86  5:50  Hydralisk  
  86  5:56  Hydralisk  
  90  6:00  Drone  
  90  6:01  Drone x5  
  96  6:04  Drone x3  
  96  6:05  Drone  
  100  6:16  Zerg Missile Weapons Level 1  
  100  6:18  Overlord, Hatchery  
  100  6:23  Drone x3  
  100  6:24  Drone  
  100  6:25  Drone x2  
  105  6:28  Extractor  
  105  6:29  Extractor  
  105  6:30  Drone x3  
  106  6:34  Extractor  
  106  6:35  Overlord, Lurker Den  
  106  6:38  Drone x2  
  106  6:39  Drone  
  107  6:40  Drone  
  107  6:42  Drone  
  107  6:43  Drone  
  107  6:44  Drone  
  107  6:45  Drone  
  112  6:50  Overlord, Drone  
  112  6:51  Drone  
  112  6:53  Extractor  
  113  6:58  Zerg Melee Weapons Level 1  
  113  7:05  Drone x2  
  113  7:06  Drone x8  
  117  7:13  Overlord x2  
  117  7:18  Queen  
  117  7:20  Overlord, Extractor  
  118  7:25  Overlord  
  118  7:26  Hydralisk x2  
  118  7:27  Hydralisk  
  118  7:29  Hydralisk  
  126  7:32  Overseer  
  126  7:33  Hydralisk  
  128  7:40  Hydralisk x4  
  128  7:43  Hydralisk  
  138  7:53  Overlord  
  138  8:02  Lurker  
  138  8:03  Hydralisk, Lurker x7  
  148  8:05  Zergling x2  
  148  8:06  Zergling x14  
  148  8:07  Hydralisk  
  148  8:10  Hydralisk  
  160  8:15  Zerg Missile Weapons Level 2  
  160  8:19  Hydralisk x2  
  164  8:21  Hydralisk  
  166  8:30  Overlord  
  166  8:31  Overlord, Hydralisk  
  166  8:32  Hydralisk x3  
  174  8:36  Overlord x2  
  174  8:37  Hydralisk  
  176  8:48  Hydralisk x4  
  175  8:56  Hydralisk  
  175  8:57  Hydralisk x4  
  175  8:58  Hydralisk  
  183  9:04  Hydralisk x3  
  182  9:18  Hatchery  
  182  9:19  Hydralisk x4  
  187  9:24  Lurker x2  
  187  9:27  Hydralisk x2  
  193  9:32  Lurker  
  193  9:35  Hydralisk x2  
  196  9:42  Hydralisk x3  
  194  9:48  Hydralisk x3  
  188  9:55  Hydralisk x3  
  188  9:58  Hydralisk  
  193  10:00  Hydralisk  
  193  10:08  Hydralisk x3  
  193  10:13  Hydralisk  
  193  10:14  Hydralisk x2  
  189  10:22  Hydralisk x3  
  189  10:29  Hydralisk x3  
  189  10:32  Hydralisk  
  189  10:33  Hydralisk  
  189  10:35  Zergling x10  
  190  10:50  Lurker  
  190  10:51  Lurker x3  
  190  10:53  Zergling x12  
  194  11:08  Hydralisk  
  194  11:09  Hydralisk x4  
  199  11:13  Hydralisk  
  199  11:14  Hydralisk x2  
  199  11:15  Hydralisk x2  
  195  11:19  Hydralisk x2  
  190  11:26  Hydralisk x3  
  190  11:32  Hydralisk x3  
  184  11:34  Zergling x2  
  184  11:35  Zergling x24  
  191  11:40  Hydralisk x3  
  197  11:52  Hydralisk  
  199  11:55  Hydralisk x2  
  199  11:58  Extractor  
  199  11:59  Overseer  
  197  12:03  Lurker  
  198  12:13  Hydralisk x2  
  198  12:14  Hydralisk x4  
  190  12:16  Hydralisk  
  190  12:19  Hydralisk  
  173  12:23  Hydralisk  
  173  12:24  Hydralisk  
  173  12:26  Hydralisk  
  167  12:30  Zergling x20  
  167  12:32  Hydralisk  
  178  12:43  Lurker x3  
  179  12:47  Zergling x4  
  179  12:48  Zergling x2  
  179  12:49  Lurker  
  183  12:56  Hydralisk  
  183  12:57  Hydralisk x3  
  185  13:01  Hydralisk x3  
  183  13:07  Hydralisk x3  
  183  13:10  Zergling x6  
  170  13:17  Hydralisk x3  
  176  13:25  Hydralisk  
Tags
 
Add a new tag
Caveats
  • Supply blocks, unpowered buildings, or Contaminate may cause inaccurate times.
  • Supply counts are checked every 10 seconds.